ert, chaotic female orcish Rogue ------- -------- ####.......# |......| # # |.....|# #.......+ ----- -.--------- # |.....|# #|......| |@S.| |..........######%#|.....|# #--+-.--- |S..| |.........| #|.....|##########`##### ....| |.........| -----.-# # ###### # # |..S+ -|--------- ############ #### --.-- # ### # # # # ########## ### ### ### ### # -.---- ## # # # ##-....| ###### ## ### ### |(...| # -.-.---.- # -.-.--- # |<...| ###|.....[.| ---.---########......|### |....| # |.......| |.....-########|......# ------ ......>.| |.....| #......| |.......| ------- ------- --------- ert the Cutpurse Experience level: 3 Strength: 16 Dexterity: 17 Constitution: 14 Intelligence: 12 Wisdom: 9 Charisma: 8 Health: 0(23) Energy: 8(8) Def: 3 Gold: 467 Moves: 1666 Dungeon seed: 1TTGZ3wPU_CwhyTR Game ID: ert_1496309743 Your Inventory: Coins $ - 467 gold pieces Weapons a - a +0 orcish short sword (weapon in hand) b - 9 +0 orcish daggers (in quiver) j - 2 +0 arrows k - a +1 arrow t - a +0 elven dagger Armor e - an uncursed +1 leather armor (being worn) Comestibles g - an uncursed cream pie h - 2 uncursed tripe rations u - an uncursed food ration w - 2 uncursed cram rations x - 2 uncursed fortune cookies Scrolls y - an uncursed scroll of scare monster A - an uncursed scroll of remove curse B - a blessed scroll of enchant armor Potions c - an uncursed potion of sickness Rings z - an uncursed ring of conflict (on left hand) Wands p - a blessed wand of create monster (0:14) Tools d - an uncursed lock pick f - an uncursed sack i - an uncursed tallow candle (0:200) m - an uncursed mirror Gems n - 2 uncursed jet stones Spells and supernatural/magical abilities: Name Level Category Fail Memory W - pray for help -- divine ? -- Your skills at the end: Fighting Skills Weapon Skills dagger [Basic] short sword [Basic] Spellcasting Skills Final Attributes: You were piously aligned. You were poison resistant. You had infravision. You were stealthy. You caused conflict. You are dead. Vanquished creatures: a water nymph an iguana a gas spore a hobbit 3 giant rats a red mold 4 jackals 2 foxes 2 kobolds 3 sewer rats 5 grid bugs a kobold zombie 2 newts 27 creatures vanquished. Voluntary challenges: You were an atheist. You used a wielded weapon 29 times, starting on turn 24. You read items or engraved 2 times, starting on turn 1074. You never genocided any monsters. You never polymorphed an object. You never changed form. You used no wishes. You never split a pudding. You never wrote Elbereth's name. You never violated your personal moral code. Dungeon overview: The Dungeons of Doom: levels 1 to 4 Level 1 a long staircase Level 2 a general store a long staircase Level 3 Level 4 <- You were here a fountain History has recorded: On T:1 you entered the Dungeons of Doom to retrieve the Amulet of Yendor! On T:385 you advanced to experience level 2. On T:472 you reached level 2 of The Dungeons of Doom. On T:940 you reached level 3 of The Dungeons of Doom. On T:1010 you advanced to experience level 3. On T:1295 you reached level 4 of The Dungeons of Doom. Score breakdown: Gold: 467 ( 9083 points) Experience: 3 levels ( 7878 points) Exploration: 4 levels ( 8.70%) ( 7745 points) Discoveries: 4 items ( 1.39%) ( 3541 points) Valuables value: (no points given unless you survive) Artifact value: 0 ( 0 points) Variety of kills: 13 monsters ( 3.41%) ( 5541 points) Turncount: 1666 turns ( 0 points) Survival: died (score multiplied by 80%) Total score: 27030 Latest messages: The poison doesn't seem to affect you. The water moccasin misses the water moccasin. The water moccasin bites! You miss the water moccasin. The water moccasin bites the water moccasin. The water moccasin misses the water moccasin. The water moccasin bites the water moccasin. The water moccasin misses the water moccasin. (2x) The water moccasin bites! You hear water falling on coins. You hit the water moccasin. The water moccasin bites the water moccasin. The water moccasin misses the water moccasin. (3x) The water moccasin bites! You miss the water moccasin. The water moccasin misses the water moccasin. The water moccasin bites! The water moccasin misses the water moccasin. The water moccasin bites! You die... The sack is empty. The sack is empty. Final status: Goodbye ert the Rogue, killed by a water moccasin... You died in The Dungeons of Doom on dungeon level 4 with 27030 points, and 467 pieces of gold, after 1666 moves. You were level 3 with a maximum of 23 hit points when you died.